TOP OF THE 1ST |
Portland Sea Dogs batting - Pitching for Midland RockHounds : LHP John Salzmann
|
Pitching: LHP John Salzmann
|
|
Batting: RHB Sal Rivera
|
0-0: Ball 1-0: Called Strike 1-1: Called Strike 1-2: Foul Ball, location: 2F 1-2: SINGLE (Groundball, 56D, EV 99.4 MPH)
|
Batting: RHB Larry Brocato
|
0-0: Swinging Strike 0-1: Ball 1-1: Ball Sal Rivera steals 2nd base 2-1: Swinging Strike 2-2: Strikes out swinging
|
Batting: RHB Zi-jing Wang
|
0-0: Called Strike 0-1: Ball 1-1: Called Strike 1-2: SINGLE (Groundball, 56D, EV 108.1 MPH) Sal Rivera to third Runner from 3rd tries for Home, throw by LF and OUT! 7-2
|
Batting: RHB Frank Sokolosky
|
0-0: Ball 1-0: Called Strike 1-1: Ball 2-1: Ball 3-1: Base on Balls Zi-jing Wang to second
|
Batting: RHB Nick Cottrell
|
0-0: Called Strike 0-1: Ball 1-1: Reached via error on a dropped throw from 1B, E1 (Groundball, 34, EV 85.0 MPH) Zi-jing Wang to third Frank Sokolosky to second
|
Batting: RHB Victor Orozco
|
0-0: Ball 1-0: Ball 2-0: Ball 3-0: Called Strike 3-1: Called Strike 3-2: Base on Balls Zi-jing Wang scores Frank Sokolosky to third Nick Cottrell to second
|
Batting: LHB Sergio Tinoco
|
0-0: Ball 1-0: Ball 2-0: Ball 3-0: Called Strike 3-1: Fly out, F8 (Flyball, 8LS, EV 75.0 MPH)
|
Top of the 1st over - 1 run, 2 hits, 1 error, 3 left on base; Portland 1 - Midland 0 |
BOTTOM OF THE 1ST |
Midland RockHounds batting - Pitching for Portland Sea Dogs : RHP Graham Jackson
|
Pitching: RHP Graham Jackson
|
|
Batting: LHB Tomas Segarra
|
0-0: Called Strike 0-1: Ball 1-1: Foul Ball, location: 2F 1-2: Foul Ball, location: 2F 1-2: SINGLE (Groundball, 5L, EV 96.9 MPH) (infield hit)
|
Batting: LHB Gregg Power
|
0-0: Called Strike 0-1: Ball 1-1: Ball 2-1: Ball 3-1: 2-RUN HOME RUN (Flyball, 9D, EV 98.8 MPH), Distance : 364 ft
|
Batting: SHB Robert Santiago
|
0-0: Ball 1-0: Swinging Strike 1-1: Called Strike 1-2: Foul Ball, location: 2F 1-2: Strikes out looking
|
Batting: RHB Scott Wiggs
|
0-0: Fly out, F8 (Line Drive, 8LM, EV 110.6 MPH)
|
Batting: LHB Alan Bianchard
|
0-0: Ball 1-0: Called Strike 1-1: Ball 2-1: Ground out 4-3 (Groundball, 4, EV 84.4 MPH)
|
Bottom of the 1st over - 2 runs, 2 hits, 0 errors, 0 left on base; Portland 1 - Midland 2 |
TOP OF THE 2ND |
Portland Sea Dogs batting - Pitching for Midland RockHounds : LHP John Salzmann
|
Batting: LHB Eddie Contreras
|
0-0: Swinging Strike 0-1: Foul Ball, location: 2F 0-2: Ball 1-2: Foul Ball, location: 2F 1-2: SINGLE (Groundball, 34D, EV 105.0 MPH)
|
Batting: RHB Josh Helman
|
0-0: Ball 1-0: Called Strike 1-1: Called Strike 1-2: Fielders Choice at 2nd, 3-6 (Groundball, 3, EV 91.2 MPH)
|
Batting: RHB Sal Rivera
|
0-0: Swinging Strike 0-1: Swinging Strike 0-2: Foul Ball, location: 2F 0-2: Foul Ball, location: 2F 0-2: Fly out, F5 (Popup, 56S, EV 78.8 MPH)
|
Batting: RHB Larry Brocato
|
0-0: Called Strike 0-1: Swinging Strike 0-2: Ball 1-2: Strikes out swinging
|
Top of the 2nd over - 0 runs, 1 hit, 0 errors, 1 left on base; Portland 1 - Midland 2 |
BOTTOM OF THE 2ND |
Midland RockHounds batting - Pitching for Portland Sea Dogs : RHP Graham Jackson
|
Batting: RHB Jonathan Gallup
|
0-0: Reached on error, E6 (Groundball, 6, EV 88.1 MPH)
|
Batting: SHB Ryan Chicoine
|
0-0: Fly out, F9 (Flyball, 9, EV 91.2 MPH)
|
Batting: LHB Nick Pacheco
|
0-0: Swinging Strike 0-1: Ball 1-1: Called Strike 1-2: Foul Ball, location: 2F 1-2: Ball 2-2: Ball 3-2: Foul Ball, location: 2F 3-2: Foul Ball, location: 2F 3-2: Foul Ball, location: 2F 3-2: Fly out, F7 (Line Drive, 7S, EV 83.8 MPH)
|
Batting: RHB Todd Vanasco
|
0-0: Ball 1-0: Foul Ball, location: 2F 1-1: Ground out 6-3 (Groundball, 6, EV 97.5 MPH)
|
Bottom of the 2nd over - 0 runs, 0 hits, 1 error, 1 left on base; Portland 1 - Midland 2 |
TOP OF THE 3RD |
Portland Sea Dogs batting - Pitching for Midland RockHounds : LHP John Salzmann
|
Batting: RHB Zi-jing Wang
|
0-0: Foul Ball, location: 2F 0-1: Ball 1-1: Foul Ball, location: 2F 1-2: Ball 2-2: Ground out 5-3 (Groundball, 5S, EV 79.4 MPH)
|
Batting: RHB Frank Sokolosky
|
0-0: Called Strike 0-1: Ball 1-1: Ball 2-1: Fly out, F7 (Line Drive, 7, EV 93.8 MPH)
|
Batting: RHB Nick Cottrell
|
0-0: Foul Ball, location: 2F 0-1: Foul Ball, location: 2F 0-2: Ball 1-2: SOLO HOME RUN (Flyball, 7D, EV 96.2 MPH), Distance : 374 ft
|
Batting: RHB Victor Orozco
|
0-0: Ball 1-0: Foul Ball, location: 2F 1-1: Swinging Strike 1-2: Ball 2-2: Ground out 6-3 (Groundball, 6, EV 86.2 MPH)
|
Top of the 3rd over - 1 run, 1 hit, 0 errors, 0 left on base; Portland 2 - Midland 2 |
BOTTOM OF THE 3RD |
Midland RockHounds batting - Pitching for Portland Sea Dogs : RHP Graham Jackson
|
Batting: LHB Tomas Segarra
|
0-0: Swinging Strike 0-1: Ball 1-1: Fly out, F6 (Popup, 6, EV 76.9 MPH)
|
Batting: LHB Gregg Power
|
0-0: Called Strike 0-1: Fly out, F5 (Popup, 15, EV 73.1 MPH)
|
Batting: SHB Robert Santiago
|
0-0: Ball 1-0: Called Strike 1-1: Ground out 4-3 (Groundball, 4D, EV 101.2 MPH)
|
Bottom of the 3rd over - 0 runs, 0 hits, 0 errors, 0 left on base; Portland 2 - Midland 2 |
TOP OF THE 4TH |
Portland Sea Dogs batting - Pitching for Midland RockHounds : LHP John Salzmann
|
Batting: LHB Sergio Tinoco
|
0-0: Called Strike 0-1: Ball 1-1: SINGLE (Groundball, 4MD, EV 103.1 MPH)
|
Batting: LHB Eddie Contreras
|
0-0: Called Strike 0-1: Foul Ball, location: 2F 0-2: Ball 1-2: Ball 2-2: Ball 3-2: SINGLE (Flyball, 78S, EV 88.8 MPH) Sergio Tinoco to second
|
Batting: RHB Josh Helman
|
0-0: Ball 1-0: Ball 2-0: Ball 3-0: Called Strike 3-1: Foul Ball, location: 2F 3-2: Foul Ball, location: 2F 3-2: Strikes out swinging
|
Batting: RHB Sal Rivera
|
0-0: Fielders Choice at 2nd, 4-6 (Groundball, 4, EV 89.4 MPH) Sergio Tinoco to third
|
Batting: RHB Larry Brocato
|
0-0: Ball 1-0: DOUBLE (Line Drive, 89M, EV 104.4 MPH) Sergio Tinoco scores Sal Rivera to third Runner from 3rd tries for Home, SAFE, no throw by RF
|
Batting: RHB Zi-jing Wang
|
0-0: Ball 1-0: Foul Ball, location: 2F 1-1: Fly out, F9 (Flyball, 89M, EV 73.1 MPH)
|
Top of the 4th over - 2 runs, 3 hits, 0 errors, 1 left on base; Portland 4 - Midland 2 |
BOTTOM OF THE 4TH |
Midland RockHounds batting - Pitching for Portland Sea Dogs : RHP Graham Jackson
|
Batting: RHB Scott Wiggs
|
0-0: Ball 1-0: Called Strike 1-1: Foul Ball, location: 2F 1-2: Strikes out looking
|
Batting: LHB Alan Bianchard
|
0-0: Swinging Strike 0-1: Ball 1-1: Ground out 6-3 (Groundball, 6, EV 83.8 MPH)
|
Batting: RHB Jonathan Gallup
|
0-0: Ball 1-0: Ball 2-0: Called Strike 2-1: Ball 3-1: Called Strike 3-2: Base on Balls
|
Batting: SHB Ryan Chicoine
|
0-0: Ball 1-0: Called Strike 1-1: SINGLE (Groundball, 34D, EV 106.2 MPH) Jonathan Gallup to second Runner from 2nd tries for 3rd, SAFE, throw by RF made to third
|
Batting: LHB Nick Pacheco
|
0-0: Ball 1-0: Called Strike 1-1: DOUBLE (Groundball, 5L, EV 110.0 MPH) Jonathan Gallup scores Ryan Chicoine to third Runner from 3rd tries for Home, throw by LF and OUT! 7-6-2
|
Bottom of the 4th over - 1 run, 2 hits, 0 errors, 1 left on base; Portland 4 - Midland 3 |
TOP OF THE 5TH |
Portland Sea Dogs batting - Pitching for Midland RockHounds : LHP John Salzmann
|
Batting: RHB Frank Sokolosky
|
0-0: Ball 1-0: Ball 2-0: Ball 3-0: Called Strike 3-1: Swinging Strike 3-2: Foul Ball, location: 2F 3-2: Base on Balls
|
Batting: RHB Nick Cottrell
|
0-0: Fly out, F9 (Flyball, 9, EV 91.2 MPH)
|
Batting: RHB Victor Orozco
|
0-0: Ball 1-0: Swinging Strike 1-1: Ball 2-1: Foul Ball, location: 2F 2-2: Ball 3-2: Fly out, F8 (Flyball, 78XD, EV 98.8 MPH)
|
Pitching: LHP Andy Silveira
|
|
Batting: LHB Sergio Tinoco
|
0-0: Ball 1-0: Fly out, F8 (Flyball, 8LS, EV 93.1 MPH)
|
Top of the 5th over - 0 runs, 0 hits, 0 errors, 1 left on base; Portland 4 - Midland 3 |
BOTTOM OF THE 5TH |
Midland RockHounds batting - Pitching for Portland Sea Dogs : RHP Graham Jackson
|
Batting: RHB Todd Vanasco
|
0-0: Ball 1-0: Ball 2-0: Called Strike 2-1: Swinging Strike 2-2: Ground out 4-3 (Groundball, 4MS, EV 87.5 MPH)
|
Batting: LHB Tomas Segarra
|
0-0: Ground out 5-3 (Groundball, 6, EV 101.9 MPH)
|
Batting: LHB Gregg Power
|
0-0: Ball 1-0: Ball 2-0: Swinging Strike 2-1: Ground out 4-3 (Groundball, 4, EV 90.6 MPH)
|
Bottom of the 5th over - 0 runs, 0 hits, 0 errors, 0 left on base; Portland 4 - Midland 3 |
TOP OF THE 6TH |
Portland Sea Dogs batting - Pitching for Midland RockHounds : LHP Andy Silveira
|
Batting: LHB Eddie Contreras
|
0-0: Foul Ball, location: 2F 0-1: Swinging Strike 0-2: Ball 1-2: Ball 2-2: Strikes out looking
|
Batting: RHB Josh Helman
|
0-0: Foul Ball, location: 2F 0-1: Ground out 6-3 (Groundball, 6, EV 83.1 MPH)
|
Batting: RHB Sal Rivera
|
0-0: Ball 1-0: Ball 2-0: Foul Ball, location: 2F 2-1: Ball 3-1: SINGLE (Groundball, 5S, EV 70.6 MPH) (infield hit)
|
Batting: RHB Larry Brocato
|
0-0: Ball 1-0: Ball 2-0: Ball 3-0: Called Strike 3-1: Foul Ball, location: 2F 3-2: Base on Balls Sal Rivera to second
|
Batting: RHB Zi-jing Wang
|
0-0: Called Strike 0-1: SINGLE (Groundball, 4D, EV 106.9 MPH) Sal Rivera to third Larry Brocato to second Runner from 3rd tries for Home, SAFE, throw by RF to home
|
Batting: RHB Frank Sokolosky
|
0-0: Foul Ball, location: 2F 0-1: Ground out 6-3 (Groundball, 6S, EV 71.2 MPH)
|
Top of the 6th over - 1 run, 2 hits, 0 errors, 2 left on base; Portland 5 - Midland 3 |
BOTTOM OF THE 6TH |
Midland RockHounds batting - Pitching for Portland Sea Dogs : RHP Graham Jackson
|
Batting: SHB Robert Santiago
|
0-0: Ball 1-0: Ball 2-0: Called Strike 2-1: Foul Ball, location: 2F 2-2: Foul Ball, location: 2F 2-2: Ball 3-2: Strikes out swinging
|
Batting: RHB Scott Wiggs
|
0-0: Foul Ball, location: 2F 0-1: Ball 1-1: Ground out 5-3 (Groundball, 56S, EV 90.6 MPH)
|
Batting: LHB Alan Bianchard
|
0-0: Ball 1-0: Ground out U3 (Groundball, 34, EV 85.0 MPH)
|
Bottom of the 6th over - 0 runs, 0 hits, 0 errors, 0 left on base; Portland 5 - Midland 3 |
TOP OF THE 7TH |
Portland Sea Dogs batting - Pitching for Midland RockHounds : LHP Andy Silveira
|
Batting: RHB Nick Cottrell
|
0-0: Swinging Strike 0-1: Foul Ball, location: 2F 0-2: Ball 1-2: Foul Ball, location: 2F 1-2: Ball 2-2: Ball 3-2: Base on Balls
|
Batting: RHB Victor Orozco
|
0-0: Ball 1-0: Swinging Strike 1-1: Ball Passed Ball! Nick Cottrell to second 2-1: Foul Ball, location: 2F 2-2: Ball 3-2: Ground out 3-1 (Groundball, 34, EV 100.6 MPH) Nick Cottrell to third
|
Batting: LHB Sergio Tinoco
|
0-0: Foul Ball, location: 2F 0-1: Ground out U3 (Groundball, 3, EV 89.4 MPH)
|
Batting: RHB Roberto Morales
|
0-0: Intentional Walk
|
Batting: RHB Josh Helman
|
0-0: SINGLE (Line Drive, 56D, EV 95.0 MPH) Nick Cottrell scores Roberto Morales to second Runner from 2nd tries for 3rd, OUT! 7-5
|
Top of the 7th over - 1 run, 1 hit, 0 errors, 1 left on base; Portland 6 - Midland 3 |
BOTTOM OF THE 7TH |
Midland RockHounds batting - Pitching for Portland Sea Dogs : RHP Graham Jackson
|
Batting: RHB Jonathan Gallup
|
0-0: Ball 1-0: SINGLE (Groundball, 5D, EV 106.2 MPH)
|
Batting: SHB Ryan Chicoine
|
0-0: Ball 1-0: Called Strike 1-1: Sac Bunt to 13 - play at first, batter OUT! 1-3 Jonathan Gallup to second
|
Batting: LHB Nick Pacheco
|
0-0: Ball 1-0: Ball 2-0: Fly out, F7 (Flyball, 7D, EV 79.4 MPH)
|
Pitching: RHP Elliot Monroe
|
|
Batting: RHB Todd Vanasco
|
0-0: Swinging Strike 0-1: Ball 1-1: Ball 2-1: Ball 3-1: Swinging Strike 3-2: Strikes out swinging
|
Bottom of the 7th over - 0 runs, 1 hit, 0 errors, 1 left on base; Portland 6 - Midland 3 |
TOP OF THE 8TH |
Portland Sea Dogs batting - Pitching for Midland RockHounds : LHP Andy Silveira
|
Pitching: LHP Bobby Storey
|
|
Batting: RHB Sal Rivera
|
0-0: Ball 1-0: Ball 2-0: Called Strike 2-1: Swinging Strike 2-2: Ground out 5-3 (Groundball, 56, EV 95.6 MPH)
|
Batting: RHB Larry Brocato
|
0-0: Swinging Strike 0-1: Foul Ball, location: 2F 0-2: Strikes out looking
|
Batting: RHB Zi-jing Wang
|
0-0: Fly out, F8 (Flyball, 8LD, EV 96.9 MPH)
|
Top of the 8th over - 0 runs, 0 hits, 0 errors, 0 left on base; Portland 6 - Midland 3 |
BOTTOM OF THE 8TH |
Midland RockHounds batting - Pitching for Portland Sea Dogs : RHP Elliot Monroe
|
Batting: LHB Tomas Segarra
|
0-0: Ball 1-0: Ball 2-0: Swinging Strike 2-1: SINGLE (Groundball, 34D, EV 103.1 MPH)
|
Batting: LHB Gregg Power
|
0-0: Ball 1-0: Ball 2-0: Ball 3-0: Base on Balls Tomas Segarra to second
|
Batting: SHB Robert Santiago
|
0-0: Called Strike 0-1: Foul Ball, location: 2F 0-2: Ball 1-2: Ball 2-2: Strikes out swinging
|
Batting: RHB Scott Wiggs
|
0-0: Called Strike 0-1: Swinging Strike 0-2: Foul Ball, location: 2F 0-2: Foul Ball, location: 2F 0-2: Fly out, F7 (Flyball, 78S, EV 94.4 MPH)
|
Batting: LHB Alan Bianchard
|
0-0: Ball 1-0: Ball 2-0: Fly out, F7 (Flyball, 7D, EV 81.2 MPH)
|
Bottom of the 8th over - 0 runs, 1 hit, 0 errors, 2 left on base; Portland 6 - Midland 3 |
TOP OF THE 9TH |
Portland Sea Dogs batting - Pitching for Midland RockHounds : LHP Bobby Storey
|
Batting: RHB Frank Sokolosky
|
0-0: Called Strike 0-1: Ball 1-1: Ball 2-1: Ground out 5-3 (Groundball, 56, EV 105.0 MPH)
|
Batting: RHB Nick Cottrell
|
0-0: Ball 1-0: Ground out 4-3 (Groundball, 4, EV 91.2 MPH)
|
Batting: RHB Victor Orozco
|
0-0: Ball 1-0: Ball 2-0: Foul Ball, location: 2F 2-1: Ball 3-1: Base on Balls
|
Batting: LHB Sergio Tinoco
|
0-0: Called Strike 0-1: Fly out, F8 (Flyball, 8RM, EV 89.4 MPH)
|
Top of the 9th over - 0 runs, 0 hits, 0 errors, 1 left on base; Portland 6 - Midland 3 |
BOTTOM OF THE 9TH |
Midland RockHounds batting - Pitching for Portland Sea Dogs : RHP Elliot Monroe
|
Pitching: RHP Pedro Torres
|
|
Batting: RHB Jonathan Gallup
|
0-0: Ball 1-0: Ball 2-0: Called Strike 2-1: Foul Ball, location: 2F 2-2: Foul Ball, location: 2F 2-2: Ground out 6-3 (Groundball, 6M, EV 93.8 MPH)
|
Batting: SHB Ryan Chicoine
|
0-0: Ball 1-0: Ball 2-0: Foul Ball, location: 2F 2-1: Ground out 4-3 (Groundball, 4, EV 88.1 MPH)
|
Batting: LHB Nick Pacheco
|
0-0: Foul Ball, location: 2F 0-1: Foul Ball, location: 2F 0-2: Ball 1-2: Ball 2-2: Ball 3-2: Strikes out swinging
|
Bottom of the 9th over - 0 runs, 0 hits, 0 errors, 0 left on base; Portland 6 - Midland 3 |
|